 Dungeon Sprint DCSS version 0.21-a0-59-g7b0e191 (webtiles) character file.

1872 Kidiri the Basher (level 8, -4/87 HPs)
             Began as a Troll Gladiator on June 16, 2017.
             Was an Elder of Wu Jian.
             Slain by a wight
             ... wielding a +0 trident
              (5 damage)
             ... in the Dungeon (Sprint VII: "The Pits").
             The game lasted 00:05:56 (940 turns).

Kidiri the Basher (Troll Gladiator)                  Turns: 940, Time: 00:05:57

Health: -4/87      AC:  5    Str: 29    XL:     8   Next: 91%
Magic:  7/7        EV: 12    Int:  7    God:    Wu Jian [****..]
Gold:   0          SH:  0    Dex: 11    Spells: 7/7 levels left

rFire    . . .     SeeInvis .   a - +2 morningstar of Cuorrus {crush, Str+4}
rCold    . . .     Gourm    +   (no shield)
rNeg     . . .     Faith    .   b - +0 robe
rPois    .         Spirit   .   c - +0 hat
rElec    .         Reflect  .   (no cloak)
rCorr    .         Harm     .   (gloves unavailable)
MR       .....     NoTele   +   (boots unavailable)
Stlth    ++........             (no amulet)
HPRegen  0.64/turn              r - +3 ring of intelligence
MPRegen  0.10/turn              (no ring)

@: mesmerised, heavily drained
A: unfitting armour, claws 3, fast metabolism 3, gourmand, regeneration 1,
shaggy fur 1, tough skin 2
a: Serpent's Lash, Renounce Religion


You were in the Dungeon.
You worshipped Wu Jian.
Wu Jian was greatly pleased with you.
You were not hungry.

You visited 1 branch

Inventory:

Hand Weapons
 a - the +2 morningstar of Cuorrus (weapon) {crush, Str+4}
   (You found it in the Dungeon)

   It inflicts extra damage upon your enemies.
   It affects your strength (+4).
Missiles
 d - 3 throwing nets
 t - 6 javelins (quivered)
 u - 4 tomahawks
Armour
 b - a +0 robe (worn)
 c - a +0 hat (worn)
Jewellery
 r - a +3 ring of intelligence (left claw)
 s - a +3 ring of protection
Scrolls
 k - a scroll of blinking
 m - 3 scrolls of remove curse
 n - 5 scrolls of amnesia
 o - a scroll of summoning
Potions
 e - 7 potions of curing
 g - a potion of heal wounds
 h - 5 potions of haste
 i - 4 potions of magic
 j - 3 potions of berserk rage
 l - 2 potions of invisibility
Comestibles
 f - 9 bread rations
 p - 40 fruits
 q - 7 meat rations


   Skills:
 * Level 7.4(5.7) Fighting
 * Level 8.3(6.6) Maces & Flails
 + Level 8.0(6.3) Throwing
 + Level 5.0(3.4) Armour
 * Level 7.7(6.0) Dodging
 * Level 5.3(3.7) Stealth


You had 7 spell levels left.
You didn't know any spells.

Dungeon Overview and Level Annotations

Branches:
Dungeon (1/1)

Altars:
Ashenzari
Cheibriados
Dithmenos
Elyvilon
Fedhas
Gozag
Hepliaklqana
Kikubaaqudgha
Makhleb
Nemelex Xobeh
Okawaru
Qazlal
Ru
Sif Muna
Trog
Uskayaw
Vehumet
Wu Jian
Xom
Yredelemnul
Zin
The Shining One
Beogh
Jiyva
Lugonu


Innate Abilities, Weirdness & Mutations

You are too large for most types of armour.
You have claws for hands.
Your metabolism is lightning-fast.
You like to eat raw meat.
Your natural rate of healing is unusually fast.
You are covered in fur. (AC +1)
You have very tough skin. (AC +2)


Message History

The wight is almost destroyed.
The wight hits you but does no damage. Something hits you.
* * * LOW HITPOINT WARNING * * *
The merfolk siren chants its luring song.
Unknown command.
You spin to attack the wight, but your attack speed is too slow for a blow to land.
Something hits you.
* * * LOW HITPOINT WARNING * * *
The wight hits you with a trident!
* * * LOW HITPOINT WARNING * * *
The merfolk siren chants its luring song.
You spin and attack the wight.
You barely miss the wight.
The wight is almost destroyed.
Something barely misses you. The wight closely misses you.
The merfolk siren hits you but does no damage.
Unknown command.
You closely miss something. Something hits you.
* * * LOW HITPOINT WARNING * * *
The wight hits you with a trident.
You die...

.....+................+
+#####......#..#......#
....##................#
###+#####+#####''######
....##.......##''#
.(%.##.......##..#
#+####.......##.)#
....##...<...##z)#
....##.......##.@#
....##.......##..#
######.......##..m#
.#..###########....+
.#)############...##
.#)#....#..[[##..##
##+#....#..[[##..#
.#.+.)..+..))##..#
.#+#....#.!))#


You could see a merfolk siren and a wight.

Vanquished Creatures
  Urug (D)
  A deep elf mage (D)
  An ice devil (D)
  A hungry ghost (D)
  A floating eye (D)
  An ice beast (D)
  Blork the orc (D)
  A bullfrog (D)
  2 wights (D)
  An orc priest (D)
  An iron imp (D)
  A mummy (D)
  A river rat (D)
  A white imp (D)
  3 oozes (D)
  3 orcs (D)
  2 quokkas (D)
  A ball python (D)
  A frilled lizard (D)
  A kobold (D)
  3 rats (D)
29 creatures vanquished.

Notes
Turn   | Place    | Note
-------+----------+-------------------------------------------
     0 | D        | Kidiri the Troll Gladiator began the quest for the Orb.
     0 | D        | Reached XP level 1. HP: 19/19 MP: 0/0
    50 | D        | Found a bloodstained altar of Trog.
    50 | D        | Found a deep blue altar of Sif Muna.
    50 | D        | Found a viscous altar of Jiyva.
    50 | D        | Found a hazy altar of Hepliaklqana.
    50 | D        | Found an opulent altar of Gozag.
    51 | D        | Found a glowing golden altar of the Shining One.
    51 | D        | Found a glowing silver altar of Zin.
    51 | D        | Found a basalt altar of Yredelemnul.
    51 | D        | Found a shimmering altar of Xom.
    51 | D        | Found an ornate altar of the Wu Jian Council.
    51 | D        | Found a sacrificial altar of Ru.
    51 | D        | Found a stormy altar of Qazlal.
    51 | D        | Found an iron altar of Okawaru.
    51 | D        | Found a sparkling altar of Nemelex Xobeh.
    51 | D        | Found a burning altar of Makhleb.
    51 | D        | Found a blossoming altar of Fedhas.
    51 | D        | Found a white marble altar of Elyvilon.
    51 | D        | Found a shadowy altar of Dithmenos.
    51 | D        | Found a snail-covered altar of Cheibriados.
    53 | D        | Found a radiant altar of Vehumet.
    53 | D        | Found a corrupted altar of Lugonu.
    53 | D        | Found a roughly hewn altar of Beogh.
    54 | D        | Found a hide-covered altar of Uskayaw.
    54 | D        | Found an ancient bone altar of Kikubaaqudgha.
    54 | D        | Found a shattered altar of Ashenzari.
    60 | D        | Became a worshipper of the Wu Jian Council
    99 | D        | Reached * piety under Wu Jian
    99 | D        | Reached XP level 2. HP: 28/28 MP: 1/1
   102 | D        | Reached skill level 1 in Armour
   102 | D        | Reached skill level 1 in Stealth
   129 | D        | Reached ** piety under Wu Jian
   214 | D        | Noticed a floating eye
   223 | D        | Reached XP level 3. HP: 36/36 MP: 2/2
   224 | D        | Paralysed by a floating eye for 2 turns
   228 | D        | Paralysed by a floating eye for 3 turns
   234 | D        | Paralysed by a floating eye for 2 turns
   244 | D        | Reached *** piety under Wu Jian
   247 | D        | Paralysed by a floating eye for 2 turns
   254 | D        | Killed a floating eye
   254 | D        | Reached XP level 4. HP: 28/48 MP: 3/3
   254 | D        | Reached XP level 5. HP: 32/54 MP: 4/4
   255 | D        | Reached **** piety under Wu Jian
   268 | D        | Reached skill level 5 in Maces & Flails
   316 | D        | Reached skill level 5 in Throwing
   316 | D        | Reached skill level 5 in Dodging
   379 | D        | Noticed an ice beast
   420 | D        | Killed an ice beast
   420 | D        | Reached ***** piety under Wu Jian
   420 | D        | Reached skill level 5 in Fighting
   420 | D        | Reached XP level 6. HP: 61/66 MP: 5/5
   528 | D        | Noticed an ice devil
   564 | D        | Killed an ice devil
   564 | D        | Reached XP level 7. HP: 19/74 MP: 6/6
   655 | D        | Noticed a deep elf mage
   655 | D        | Noticed Blork the orc
   675 | D        | Killed a deep elf mage
   679 | D        | Killed Blork the orc
   679 | D        | Reached XP level 8. HP: 27/84 MP: 7/7
   784 | D        | Noticed Urug
   794 | D        | Killed Urug
   794 | D        | Reached skill level 5 in Stealth
   834 | D        | Got the +2 morningstar of Cuorrus {crush, Str+4}
   917 | D        | Noticed a merfolk siren
   933 | D        | Reached skill level 5 in Armour
   938 | D        | HP: 4/87 [wight/trident (12)]
   940 | D        | HP: 1/87 [something (4)]
   940 | D        | Slain by a wight

Vault maps used:
D:        pitsprint

Skill      XL: |  1  2  3  4  5  6  7  8 |
---------------+-------------------------+-----
Throwing       | 2 3 4 5 6 7 8 |  8.0
Fighting       | 2 4 5 6 7 |  7.4
Maces & Flails | 3 4 5 6 7 8 |  8.3
Armour         | 1 2 3 4 5 |  5.0
Dodging        | 3 4 5 6 7 |  7.7
Stealth        | 1 2 3 4 5 |  5.3

Action                   |  1- 3 |  4- 6 |  7- 9 || total
-------------------------+-------+-------+-------++-------
Melee: Mace              |    53 |    56 |    43 ||   152
       Flail             |     4 |       |       ||     4
       Morningstar       |       |       |    21 ||    21
Throw: Javelin           |       |       |     1 ||     1
Invok: Serpent's Lash    |       |     1 |     3 ||     4
       Heavenly Storm    |       |       |     1 ||     1
  Use: Potion            |       |     5 |     5 ||    10
 Stab: Sleeping          |     1 |     2 |       ||     3
  Eat: Chunk             |     1 |     9 |     3 ||    13
Armor: Robe              |    15 |     7 |    14 ||    36
Dodge: Dodged            |    46 |    27 |    30 ||   103
